Map: Automaton LE

Players

SIGNALZERO

  • Race: Protoss Protoss
  • League: Silver
  • Spawn Location: 3:00

Mesrob - Winner!

  • Race: Terran Terran
  • League: Gold
  • Spawn Location: 9:00

VOD

Have the link to the VOD?

Description

Time

  • Played on: Jan. 10, 2019, 9:13 a.m.
  • Length: 10:04
Show
View Real Time Build Order
Export as new Build Order

SIGNALZERO Protoss 

Build Orders:  

Get SALT Encoding   

  1  0:00  Probe  
  13  0:07  Probe  
  14  0:16  Probe  
  15  0:26  Pylon  
  15  0:33  Assimilator  
  15  0:47  Pylon  
  15  0:58  Probe  
  16  1:10  Probe  
  17  1:14  Gateway  
  17  1:23  Probe  
  18  1:28  Forge  
  18  1:35  Probe  
  20  1:47  Probe  
  20  1:57  Assimilator  
  20  1:59  Probe  
  21  2:04  Photon Cannon  
  21  2:11  Probe  
  21  2:12  Zealot  
  23  2:23  Probe  
  23  2:28  Cybernetics Core  
  24  2:35  Probe  
  27  2:59  Photon Cannon  
  27  3:04  Zealot  
  27  3:05  Pylon  
  27  3:08  Pylon  
  27  3:20  Photon Cannon  
  27  3:29  Pylon  
  27  3:33  Pylon  
  27  3:37  Robotics Facility  
  27  3:53  Stargate  
  27  4:06  Shield Battery  
  27  4:21  Nexus  
  27  4:38  Immortal  
  31  4:56  Void Ray  
  34  5:13  Probe  
  35  5:21  Immortal  
  39  5:31  Probe  
  40  5:40  Probe  
  40  5:48  Probe  
  40  5:49  Void Ray  
  46  5:59  Probe  
  37  6:11  Probe  
  37  6:18  Immortal  
  42  6:21  Zealot  
  42  6:23  Probe  
  45  6:35  Probe  
  46  6:47  Probe  
  46  6:48  Zealot  
  49  6:54  Void Ray  
  49  6:55  Photon Cannon  
  49  6:57  Photon Cannon  
  53  7:02  Shield Battery x2  
  53  7:07  Shield Battery  
  53  7:10  Shield Battery  
  35  8:05  Pylon  
  39  8:08  Pylon, Probe  
  39  8:10  Pylon  
  36  8:20  Probe  
  36  8:22  Pylon  
  36  8:31  Stargate  
  36  8:32  Stargate  
  36  8:33  Probe  
  37  8:36  Stargate  
  29  8:41  Assimilator  
  29  8:45  Probe  
  24  8:57  Probe  
  24  9:16  Nexus  
  23  9:27  Stargate  
  23  9:29  Stargate  
  23  9:31  Stargate  
  23  9:34  Stargate  
  23  9:43  Robotics Facility  
  23  9:48  Robotics Facility  
  23  9:57  Pylon  
Show
View Real Time Build Order
Export as new Build Order

Mesrob Terran - Winner!

Build Orders: Mech 

Get SALT Encoding   

  12  0:00  SCV  
  13  0:13  SCV  
  14  0:18  Supply Depot  
  14  0:25  SCV  
  15  0:40  SCV  
  15  0:42  Barracks  
  16  0:52  SCV  
  16  0:55  Refinery  
  18  1:04  SCV  
  18  1:16  SCV  
  19  1:30  Marine  
  20  1:35  Command Center  
  20  1:42  Orbital Command  
  20  1:58  Marine  
  21  2:36  Marine  
  20  2:55  Barracks  
  18  3:06  Marine  
  18  3:09  Orbital Command  
  18  3:11  SCV  
  20  3:20  Factory  
  20  3:32  Marine  
  21  3:41  SCV x2  
  21  3:45  Refinery  
  21  3:46  Barracks Tech Lab  
  23  3:51  Barracks  
  23  3:53  SCV  
  24  4:12  Factory  
  24  4:13  Barracks Reactor  
  24  4:15  Siege Tank  
  27  4:17  SCV  
  27  4:18  SCV  
  29  4:24  Marine  
  29  4:29  SCV  
  31  4:40  Marine  
  31  4:42  Marine  
  33  4:48  Factory, SCV x2  
  35  5:00  Factory Tech Lab  
  35  5:01  Orbital Command, Siege Tank  
  38  5:19  Bunker  
  38  5:28  Siege Tank  
  38  5:32  Supply Depot  
  41  5:42  Refinery  
  41  5:56  Supply Depot  
  36  6:13  Marine  
  36  6:14  Marine x3  
  39  6:22  SCV  
  40  6:29  SCV  
  40  6:31  Marine  
  42  6:34  SCV  
  42  6:36  Siege Tank x2  
  49  6:41  SCV  
  50  6:56  Marine x2  
  50  7:01  Marine x2  
  52  7:07  Supply Depot  
  52  7:08  Siege Tank  
  57  7:13  Marine  
  57  7:14  Marine  
  59  7:19  Marine x2  
  61  7:31  Marine x2  
  61  7:36  Marine  
  63  7:37  Marine  
  62  7:49  Marine x2  
  64  7:54  Marine  
  64  7:55  Marine  
  66  8:07  Marine x2, SCV x2  
  70  8:15  Engineering Bay  
  70  9:22  Command Center  
Tags
 
Composition
Mech
Matchup
PvT
Replay Pack
sc2 replays
Spawn Locations
Cross Positions
Add a new tag
Caveats
  • Supply blocks, unpowered buildings, or Contaminate may cause inaccurate times.
  • Supply counts are checked every 10 seconds.